 Dungeon Crawl Stone Soup version 0.13.0-25-g43d4df3 (webtiles) character file.

271 Leibowitz the Skirmisher (level 5, -4/33 HPs)
             Began as a Kobold Fighter on Oct 27, 2013.
             Was an Initiate of Okawaru.
             Slain by an ogre
             ... wielding a +0,+0 giant club
              (27 damage)
             ... on Level 4 of the Dungeon.
             The game lasted 00:10:32 (2939 turns).

Leibowitz the Skirmisher (Kobold Fighter)           Turns: 2939, Time: 00:10:32

HP  -4/33        AC  5     Str 16      XL: 5   Next: 73%
MP   4/4         EV 13     Int  6      God: Okawaru [......]
Gold 107         SH 12     Dex 15      Spells:  0 memorised,  4 levels left

Res.Fire  : . . .   See Invis. : .   a - +0 short sword
Res.Cold  : . . .   Warding    : .   q - +2 leather armour {rN+}
Life Prot.: + . .   Conserve   : .   c - +0 buckler
Res.Poison: +       Res.Corr.  : .   (no helmet)
Res.Elec. : .       Clarity    : .   (no cloak)
Sust.Abil.: + .     Spirit.Shd : .   (no gloves)
Res.Mut.  : +       Stasis     : .   (no boots)
Res.Rott. : .       Flight     : .   n - amulet of resist mutation {unknown}
Saprovore : + + .                    s - ring of poison resistance
                                     t - ring of sustain abilities {unknown}

@: slightly resistant to hostile enchantments, fairly stealthy
A: disease resistance, carnivore 3, saprovore 2
a: Renounce Religion


You were on level 4 of the Dungeon.
You worshipped Okawaru.
Okawaru was noncommittal.
You were not hungry.

You visited 1 branch of the dungeon, and saw 5 of its levels.

You collected 87 gold pieces.

Inventory:

Hand weapons
 a - a +0,+0 short sword (weapon)
Armour
 c - a +0 buckler (worn)
 q - a +2 leather armour of positive energy (worn)
Comestibles
 d - 2 meat rations
Scrolls
 f - 2 scrolls of enchant weapon II
 g - 2 scrolls of identify {unknown}
 j - 2 scrolls of enchant weapon I {unknown}
 o - a scroll of magic mapping {unknown}
 p - 2 scrolls of remove curse {unknown}
 r - 2 scrolls of fear {unknown}
 w - a scroll of curse weapon {unknown}
 x - a scroll of curse jewellery {unknown}
 y - a scroll of random uselessness {unknown}
Jewellery
 h - an uncursed ring of protection from fire {unknown}
 l - an uncursed ring of see invisible {unknown}
 m - an uncursed amulet of the gourmand
 n - an amulet of resist mutation (around neck) {unknown}
 s - a ring of poison resistance (right hand)
 t - a ring of sustain abilities (left hand) {unknown}
Potions
 b - a potion of restore abilities {unknown}
 e - a potion of speed {unknown}
 i - 2 potions of curing
 k - a potion of brilliance {unknown}
 u - a potion of poison {unknown}
 v - a potion of resistance {unknown}


   Skills:
 * Level 4.2 Fighting
 + Level 3.1 Short Blades
 + Level 2.6 Armour
 * Level 2.7 Dodging
 * Level 2.4 Stealth
 * Level 3.2 Shields


You had 4 spell levels left.
You didn't know any spells.

Dungeon Overview and Level Annotations

Branches:
Dungeon (5/27)
 Temple: D:4-7

Altars:
Kikubaaqudgha
Nemelex Xobeh
Okawaru

Annotations:
D:2 Terence
D:5 CowboyDan's ghost, experienced NaAK


Innate Abilities, Weirdness & Mutations

You recuperate from illness quickly.
You are small and have problems with some larger weapons.
You are carnivorous and can eat meat at any time.
You can eat rotten meat.


Message History

You feel better. The ogre barely misses you.
You barely miss the ogre.
The ogre is severely wounded.
The ogre hits you with a giant club.
You barely miss the ogre.
The ogre is severely wounded.
Drink which item? (? for menu, Esc to quit)
You feel better. You block the ogre's attack.
You barely miss the ogre.
The ogre is severely wounded.
The ogre hits you with a giant club!
You hit the ogre.
The ogre is severely wounded.
The ogre closely misses you.
You hit the ogre.
The ogre is severely wounded.
Drink which item? (? for menu, Esc to quit)
You feel better. The ogre hits you with a giant club!
Ouch! That really hurt!
You die...

##'#.##'#.##'#.##+#.#.#.#
...............(....#.#.#
##'#.##'#(##'#.##'#.#.#.#
#..#.#..#.#..#.#..#.#.#.#
#..'.'..#.#..'.'.)#.#.#.#
####.####.####.####.#.#.#
....................#.#.#
###################.#...#
........@.....###
.######.O###### #..# #..#
#... $... ..b.. .....#
...


You could see an ogre.

Vanquished Creatures
  A hound (D:4)
  A scorpion (D:4)
  3 adders (D:2)
  An inept item mimic (D:2)
  2 giant geckos
  A ball python (D:4)
  8 goblins
  10 hobgoblins
  6 jackals (D:3)
  8 kobolds
  An ooze (D:2)
  A quokka (D:3)
  13 bats
  3 giant cockroaches
  7 giant newts
  6 rats
72 creatures vanquished.

Notes
Turn   | Place    | Note
--------------------------------------------------------------
     0 | D:1      | Leibowitz, the Kobold Fighter, began the quest for the Orb.
     0 | D:1      | Reached XP level 1. HP: 14/14 MP: 0/0
   104 | D:1      | Found a sparkling altar of Nemelex Xobeh.
   347 | D:1      | Reached XP level 2. HP: 19/19 MP: 1/1
   429 | D:1      | Reached skill level 1 in Stealth
   831 | D:2      | Reached XP level 3. HP: 22/24 MP: 2/2
  1166 | D:2      | Reached skill level 1 in Dodging
  1303 | D:2      | Reached XP level 4. HP: 15/28 MP: 3/3
  1462 | D:2      | Reached skill level 4 in Fighting
  1762 | D:2      | Noticed Terence
  2003 | D:3      | Found an iron altar of Okawaru.
  2007 | D:3      | Became a worshipper of Warmaster Okawaru
  2025 | D:3      | Found an ancient bone altar of Kikubaaqudgha.
  2404 | D:3      | Reached XP level 5. HP: 29/33 MP: 4/4
  2913 | D:4      | Noticed an ogre
  2916 | D:5      | Entered Level 5 of the Dungeon
  2916 | D:5      | Noticed CowboyDan's ghost (experienced NaAK)
  2939 | D:4      | Slain by an ogre

Action                   |  1- 3 |  4- 6 || total
-------------------------+-------+-------++-------
Melee: Short sword       |   184 |   194 ||   378
       Dagger            |     5 |       ||     5
  Use: Scroll            |     1 |       ||     1
       Potion            |       |     4 ||     4
 Stab: Sleeping          |       |     3 ||     3
